 Dungeon Crawl Stone Soup version 0.32-a0-705-g60f233581c (webtiles) character file.

Game seed: 14134760212931538334

49 kae the Slasher (level 3, -3/27 HPs)
             Began as a Coglin Gladiator on Mar 14, 2024.
             Slain by Natasha (5 damage)
             ... on level 2 of the Dungeon.
             The game lasted 00:00:30 (883 turns).

kae the Slasher (Coglin Gladiator)                   Turns: 883, Time: 00:00:31

Health: -3/27      AC:  4    Str: 14    XL:     3   Next: 75%
Magic:  3/3        EV: 11    Int:  7    God:
Gold:   37         SH:  0    Dex: 17    Spells: 2/2 levels left

rFire   . . .        a - +0 long sword {Audrea}
rCold   . . .        f - +0 dagger {Tejnoor}
rNeg    . . .        b - +0 leather armour
rPois   .            c - +0 helmet
rElec   .            (no cloak)
rCorr   .            (no gloves)
SInv    .            (no boots)
Will    .....        (amulet unavailable)
Stlth   +            (ring unavailable)
HPRegen 0.24/turn    (ring unavailable)
MPRegen 0.08/turn    (no gizmo)

%: no passive effects
@: slowed, revved, very slow
A: off-hand wielding, slow wielding, warmup strikes, no jewellery
a: Invent Gizmo


You were on level 2 of the Dungeon.
You visited 1 branch of the dungeon, and saw 2 of its levels.

You collected 37 gold pieces.


Innate Abilities, Weirdness & Mutations

You can wield a second weapon in your off-hand.
It takes a long time for you to wield or remove held weapons.
Your first few attacks do less damage.
You cannot equip rings or amulets.


   Skills:
 - Level 2.0 Fighting
 + Level 4.6 Long Blades
 - Level 1.7 Throwing
 - Level 2.6 Dodging


You had 2 spell levels left.
You didn't know any spells.
Your spell library was empty.

Inventory:

Hand Weapons
 a - a +0 long sword (weapon) {Audrea}
 f - a +0 dagger (offhand) {Tejnoor}
Missiles
 d - 3 throwing nets (quivered) {=f!f}
 e - a javelin
 h - 8 stones
Armour
 b - a +0 leather armour (worn)
 c - a +0 helmet (worn)
Potions
 g - a potion of heal wounds {unknown}
 i - a potion of brilliance {unknown}
 k - 3 potions of curing {unknown}

Dungeon Overview and Level Annotations

Branches:
Dungeon (2/15) Zot: 11108

Altars:

Annotations:
D:2 Natasha

,,**##########..........#
,,,*#................(..#
,,,,#...................#
,,,,#...................#
,,,,#...................#
,,,*#......[...$..$.....#
,..##...<........†......#
,.................[.....#
...............h@.......#
....#..............[....#
...###...#.######.#######
..#*........###...####
#.*..##.##.)#...######
*...#*#.##..#.########
*.##* #.**#..,** *,* #.*
*,..,* ****
,,*****,***,,*,****,,*


You could see Natasha.


Message History

You climb downwards.
There is a stone staircase leading up here.
A rat is nearby!
Okay, then.
You can't wear jewellery.
Unknown command.
You hit the rat with your +0 long sword.
You kill the rat!
No target in view!
No target in view!
No target in view!
There is a stone staircase leading up here.
You now have 37 gold pieces (gained 16).
You see here a +0 leather armour.
A ball python comes into view.
As you read the scroll labelled WIACRE SIFODA, it crumbles to dust.
You feel aware of your surroundings.
You sensed 1 altar.
It was a scroll of revelation.
A ball python is nearby!
Natasha, Servant of Life and Death comes into view.
You slash the ball python with your +0 long sword!
You kill the ball python!
Natasha casts a spell at you. The magic dart hits you.
You see here a +0 helmet. 😕 HP[-5]
You take 5 damage, and now have 17/22 hp.
MASSIVE DAMAGE!! (PAUSE) Natasha claws you but does no damage.
You closely miss Natasha with your +0 long sword.
You hit Natasha but do no damage. Natasha barely misses you. 😕 HP[+1]
You closely miss Natasha with your +0 long sword.
You hit Natasha with your +0 dagger. Natasha misses you.
You hit Natasha with your +0 dagger.
You hit Natasha with your +0 long sword.
Natasha misses you.
Unknown command.
You hit Natasha with your +0 long sword.
You hit Natasha but do no damage. Natasha claws you!
* * * LOW HITPOINT WARNING * * *
😨 HP[-8]
You take 8 damage, and now have 10/22 hp.
MASSIVE DAMAGE!! (PAUSE)
You hit Natasha but do no damage.
You slash Natasha with your +0 long sword!
You kill Natasha!
Natasha screams in fury as she dies!
You have reached level 3!
Your experience leads to an increase in your attributes!
Increase (S)trength, (I)ntelligence, or (D)exterity?
You feel agile. x2
Your brain swirls with designs for a dynamic compensator.
You just need some more time... 😨 HP[+3] MP[+1]
You now have 27 max hp (+5).
You regained 3 hp, and now have 13/27 hp.
Your mp is fully restored (3).
Natasha, Servant of Life and Death comes into view. 😮 HP[+5]
You regained 5 hp, and now have 18/27 hp.
Natasha stares at you and mumbles some strange words.
You feel yourself slow down.
You see here a +0 helmet.
Natasha claws you.
You see here 5 gold pieces. 😮 HP[-1]
You take 1 damage, and now have 17/27 hp.
Unknown command.
You closely miss Natasha with your +0 long sword.
You hit Natasha with your +0 dagger. Natasha claws you. Natasha claws you!
* * * LOW HITPOINT WARNING * * *
😨 HP[-9]
You take 9 damage, and now have 8/27 hp.
MASSIVE DAMAGE!! (PAUSE)
You closely miss Natasha with your +0 long sword.
You hit Natasha with your +0 dagger.
Natasha claws you but does no damage. 😨 HP[+1]
You hit Natasha but do no damage.
You closely miss Natasha with your +0 long sword.
Natasha stares at you and mumbles some strange words.
You resist with significant effort. Natasha completely misses you.
You miss Natasha with your +0 long sword.
You hit Natasha with your +0 dagger. Natasha claws you!
* * * LOW HITPOINT WARNING * * *
Unknown command. 😱 HP[-7]
You take 7 damage, and now have 2/27 hp.
MASSIVE DAMAGE!! (PAUSE)
You closely miss Natasha with your +0 long sword.
You completely miss Natasha with your +0 dagger.
Natasha closely misses you. Natasha claws you.
* * * LOW HITPOINT WARNING * * *
You closely miss Natasha with your +0 dagger.
You closely miss Natasha with your +0 long sword.
Natasha closely misses you.
You barely miss Natasha with your +0 dagger.
You closely miss Natasha with your +0 long sword.
Natasha claws you.
You die...
Natasha curls up and begins to purr.

Skill      XL: |  1  2 |
---------------+-------+-----
Long Blades    | 4 |  4.6
Fighting       | |  2.0
Throwing       | |  1.7
Dodging        | |  2.6

Action                     || total
---------------------------++-------
  Melee: Long sword        ||    51
         Dagger            ||    46
    Use: Scroll            ||     1
 Armour: Leather armour    ||    31
  Dodge: Dodged            ||    26

Levels and vault maps discovered:
D:1:      onia_arrival_mini_maze_b, layout_basic
D:2:      layout_rooms, basic_altar, uniq_natasha, uniq_sigmund

Notes
Turn   | Place    | Note
-------+----------+-------------------------------------------
     0 | D:1      | kae the Coglin Gladiator began the quest for the Orb.
     0 | D:1      | Reached XP level 1. HP: 16/16 MP: 1/1
     0 | D:1      | magus.rc [v1.11.3]
   173 | D:1      | Reached XP level 2. HP: 20/22 MP: 2/2
   554 | D:1      | Reached skill level 4 in Long Blades
   844 | D:2      | Noticed Natasha
   853 | D:2      | Killed Natasha
   854 | D:2      | Reached XP level 3. HP: 13/27 MP: 3/3
   873 | D:2      | Noticed Natasha
   880 | D:2      | HP: 2/27 [Natasha (7)]
   883 | D:2      | Slain by Natasha

Vanquished Creatures
  Natasha (D:2)
  A bat (D:1)
  5 endoplasms (D:1)
  2 goblins (D:1)
  3 hobgoblins (D:1)
  A kobold (D:1)
  2 quokkas (D:1)
  3 ball pythons
  A frilled lizard (D:1)
  A rat (D:2)
20 creatures vanquished.

Table legend:
 A = Non-vault XP
 B = Vault XP
 C = Vault XP percentage of total XP
 D = Non-vault monster count
 E = Vault monster count
 F = Vault count percentage of total count
                 A         B        C        D         E       F
            +---------+---------+-------+---------+---------+-------
      Total |      31 |      39 |  55.7 |      18 |       2 |  10.0
            +---------+---------+-------+---------+---------+-------
        D:1 |      29 |       2 |   6.5 |      16 |       1 |   5.9
        D:2 |       2 |      37 |  94.9 |       2 |       1 |  33.3
            +---------+---------+-------+---------+---------+-------

Skill      XL: |  1  2 |
---------------+-------+-----
Long Blades    | 4 |  4.6
Fighting       | |  2.0
Throwing       | |  1.7
Dodging        | |  2.6

Action                     || total
---------------------------++-------
  Melee: Long sword        ||    51
         Dagger            ||    46
    Use: Scroll            ||     1
 Armour: Leather armour    ||    31
  Dodge: Dodged            ||    26

Illustrated notes

Table legend:
 A = Kills in this place as a percentage of kills in the entire game.
 B = Kills by you in this place as a percentage of kills by you in the entire game.
 C = Kills by friends in this place as a percentage of kills by friends in the entire game.
 D = Other kills in this place as a percentage of other kills in the entire game.
 E = Experience gained in this place as a percentage of experience gained in the entire game.
 F = Experience gained in this place divided by the number of levels of this place that you have seen.
                   A       B       C       D       E      F
               +-------+-------+-------+-------+-------+----------------------
         Total | 100.0 | 100.0 |   N/A |   N/A | 100.0 |  35.0
       Dungeon | 100.0 | 100.0 |   N/A |   N/A | 100.0 |  35.0
               +-------+-------+-------+-------+-------+----------------------

Table legend: (Time is in decaauts)
 A = Elapsed time spent in this place.
 B = Non-inter-level travel time spent in this place.
 C = Inter-level travel time spent in this place.
 D = Time resting spent in this place.
 E = Time spent auto-exploring this place.
 F = Levels seen in this place.
 G = Mean time per level.
                   A        B        C        D        E       F      G
               +--------+--------+--------+--------+--------+-----+--------+
         Total |    890 |    837 |     53 |      0 |    703 |   2 |  445.0 |
       Dungeon |    890 |    837 |     53 |      0 |    703 |   2 |  445.0 |
               +--------+--------+--------+--------+--------+-----+--------+

Top non-repeatable levels by time:
     D:1: 829 daAuts
     D:2: 60 daAuts
